 Dungeon Crawl Stone Soup version 0.23-a0-261-g133332c (webtiles) character file.

28798 digijack the Fighter (level 13, -2/201 HPs)
             Began as a Minotaur Berserker on Sept 29, 2018.
             Was a High Priest of Trog.
             Slain by a hog (4 damage)
             ... led by Kirke
             ... on level 13 of the Dungeon.
             The game lasted 01:12:22 (11828 turns).

digijack the Fighter (Minotaur Berserker)          Turns: 11828, Time: 01:12:23

Health: -2/201     AC:  0    Str: 31    XL:     13   Next: 11%
Magic:  12/12      EV: 19    Int:  6    God:    Trog [*****.]
Gold:   744        SH:  0    Dex: 11    Spells: 12/12 levels left

rFire    . . .     SeeInvis .   (weapon currently unavailable)
rCold    . . .     Gourm    .   (shield currently unavailable)
rNeg     . . .     Faith    +   (armour currently unavailable)
rPois    .         Spirit   .   (helmet currently unavailable)
rElec    .         Reflect  .   (cloak currently unavailable)
rCorr    .         Harm     .   (gloves currently unavailable)
MR       .....                  (boots currently unavailable)
Stlth    ..........             A - amulet of faith
HPRegen  0.43/turn              (ring currently unavailable)
MPRegen  0.13/turn              (ring currently unavailable)

@: berserking (expiring), lethally poisoned (-2 -> -39), pig-form, very quick
A: small, (retaliatory headbutt), clever 1, robust 1
a: Berserk, Trog's Hand, Brothers in Arms, Renounce Religion


You were on level 13 of the Dungeon.
You worshipped Trog.
Trog was extremely pleased with you.
You were very hungry.
You were a filthy swine.
You visited 1 branch of the dungeon, and saw 13 of its levels.
You also visited: Ossuary.

You collected 744 gold pieces.

Inventory:

Hand Weapons
 f - a +4 fustibalus of flaming
 p - a +0 war axe of chopping (melded)
Missiles
 d - 455 stones
 j - 16 tomahawks (quivered)
 w - 58 sling bullets
Armour
 D - a +2 shield (melded)
 E - the +1 chain mail "Nenoppap" (melded) {*Slow rN+ Str+4}
   (You found it on level 11 of the Dungeon)

   It affects your strength (+4).
   It protects you from negative energy.
   It may slow you when you take damage.
 F - a +1 hat of magic resistance (melded)
Jewellery
 b - an uncursed amulet of harm {unknown}
 k - an uncursed ring of fire
 y - a +5 ring of strength (melded)
 A - an amulet of faith (around neck)
 G - the ring "Ikkaewon" (melded) {+Blink Int+3 SInv}
   (You found it on level 12 of the Dungeon)

   [ring of see invisible]

   It affects your intelligence (+3).
   It lets you see invisible.
   It lets you blink.
 I - an uncursed ring of ice
 J - an uncursed amulet of the acrobat {unknown}
Wands
 e - a wand of flame (46)
 u - a wand of acid (5)
 v - a wand of clouds (4)
Scrolls
 h - 8 scrolls of teleportation
 o - 4 scrolls of remove curse
 r - 2 scrolls of magic mapping
 x - 2 scrolls of fear
Potions
 a - a potion of mutation
 g - a potion of haste
 i - 6 potions of curing
 l - 3 potions of brilliance
 m - 3 potions of resistance
 n - a potion of invisibility
 q - a potion of ambrosia
 t - 2 potions of agility
 z - a potion of heal wounds
 B - a potion of flight
 C - 2 potions of might
 H - a potion of degeneration {unknown}
Miscellaneous
 s - a lightning rod (4/4)
Comestibles
 c - 24 rations


   Skills:
 * Level 13.2 Fighting
 * Level 13.1 Axes
 + Level 6.5 Slings
 * Level 12.9 Armour
 - Level 9.0 Dodging
 * Level 8.9 Shields


You had 12 spell levels left.
You didn't know any spells.
Your spell library was empty.

Dungeon Overview and Level Annotations

Branches:
Dungeon (13/15)            Temple (0/1) D:4            Lair (0/6) D:9
    Orc (0/2) D:12
 Vaults: D:13-14

Altars:
Ashenzari
Dithmenos
Elyvilon
Kikubaaqudgha
Okawaru
Qazlal
Ru
Uskayaw
Wu Jian
Zin
The Shining One

Annotations:
D:12 2 transporters, exclusion: obsidian statue
D:13 Kirke


Innate Abilities, Weirdness & Mutations

((You reflexively headbutt those who attack you in melee.))
((You have a pair of horns on your head.))
((You have sharp toenails.))
Your mind is acute. (Int +2)
You are robust. (+10% HP)


Message History

* * * LOW HITPOINT WARNING * * *
You closely miss something.
* * * LOW HITPOINT WARNING * * *
You feel sick. The hog completely misses you. Something hits you!!
* * * LOW HITPOINT WARNING * * *
You bite something!
* * * LOW HITPOINT WARNING * * *
You feel sick. The hog closely misses you. The wyvern skeleton misses you.
You bite something!
* * * LOW HITPOINT WARNING * * *
You feel very sick. The hog barely misses you.
You hear some strange, mumbled words.
Something summons a lindwurm!
The hog completely misses you.
You miss something.
* * * LOW HITPOINT WARNING * * *
You feel sick. The wyvern skeleton bites you!
* * * LOW HITPOINT WARNING * * *
The hog bites you.
You die...

#........# #.....#
##........# #. #.....#
.'........###.######.#
.#........#.......##.#
'##########.......##.#
........ .........##.#
........ ......H.k##.#
........ ......{h.##.#
........ .....thh.##.#
.####### ##....Z.†##.#
....# #.......##.#
....# #../....##.#
....# #.......##.#
....# ######..##.#
....# ##.##.# ....#
#..#.# ##### ##.#.#


You could see a manticore, a lindwurm, 2 hogs, a crocodile and a wyvern
skeleton.

Vanquished Creatures
  Frances (D:13)
  An ogre mage (D:13)
  Josephine (D:12)
  2 centaur warriors (D:13)
  8 two-headed ogres
  A deep elf archer (D:13)
  2 deep elf magi (D:13)
  4 ugly things
  3 cyclopes
  Psyche (D:9)
  A gargoyle (D:12)
  A centaur skeleton (D:12)
  4 yaktaurs (D:13)
  2 kobold demonologists
  3 trolls
  5 hippogriffs
  4 hogs (D:13)
  A shadow (D:11)
  3 wraiths (D:12)
  6 yaks
  3 porcupines (D:9)
  A water moccasin (D:12)
  6 ice beasts
  4 orc warriors
  4 sky beasts
  2 black bears
  4 necrophages
  7 ogres
  7 centaurs
  A crocodile (D:11)
  10 bullfrogs
  3 big kobolds
  16 scorpions
  A wyvern skeleton (D:13)
  15 killer bees
  3 wights (D:10)
  6 howler monkeys
  An electric eel (D:12)
  3 centaur zombies
  5 bullfrog zombies
  A quasit (D:8)
  4 crimson imps
  3 hounds
  2 human zombies (Ossuary)
  4 jellies
  3 orc priests
  4 orc wizards
  3 iguanas
  Jessica (D:2)
  2 worker ants
  Terence (D:3)
  Natasha (thrice) (D:3)
  2 big kobold zombies (Ossuary)
  A hound skeleton (D:5)
  3 mummies (Ossuary)
  4 gnolls (D:3)
  A howler monkey skeleton (D:7)
  A scorpion zombie (Ossuary)
  14 adders
  A shadow imp (D:10)
  A white imp (D:5)
  6 oozes
  5 worms
  2 dart slugs
  7 leopard geckos
  22 orcs
  8 giant cockroaches
  5 goblins
  5 hobgoblins
  5 jackals
  7 quokkas
  3 ball pythons
  9 bats
  3 frilled lizards (D:2)
  A gnoll zombie (Ossuary)
  A goblin skeleton (D:5)
  6 goblin zombies
  2 hobgoblin zombies
  A jackal zombie (D:5)
  24 kobolds
  3 kobold skeletons (D:5)
  3 kobold zombies
  A leopard gecko skeleton (D:6)
  An orc skeleton (D:5)
  3 orc zombies
  7 rats
  2 fungi (D:9)
357 creatures vanquished.

Vanquished Creatures (collateral kills)
  Gastronok (D:12)
  A yaktaur (D:13)
  A centaur (D:13)
3 creatures vanquished.

Vanquished Creatures (others)
  An orc (D:12)
  A gnoll zombie (Ossuary)
  A goblin zombie (Ossuary)
  2 fungi (D:9)
5 creatures vanquished.

Grand Total: 365 creatures vanquished

Notes
Turn   | Place    | Note
-------+----------+-------------------------------------------
     0 | D:1      | digijack the Minotaur Berserker began the quest for the
                  | Orb.
     0 | D:1      | Reached XP level 1. HP: 19/19 MP: 0/0
    90 | D:1      | Reached XP level 2. HP: 27/27 MP: 1/1
   916 | D:2      | Reached XP level 3. HP: 33/33 MP: 2/2
   937 | D:2      | Reached ** piety under Trog
  1371 | D:2      | Noticed Jessica
  1382 | D:2      | Killed Jessica
  1382 | D:2      | Reached XP level 4. HP: 36/41 MP: 3/3
  1626 | D:3      | Found a hide-covered altar of Uskayaw.
  1631 | D:3      | Noticed Natasha
  1636 | D:3      | Killed Natasha
  1676 | D:3      | Found an ancient bone altar of Kikubaaqudgha.
  1694 | D:3      | Noticed Natasha
  1701 | D:3      | Killed Natasha
  1701 | D:3      | Reached XP level 5. HP: 45/47 MP: 4/4
  2016 | D:3      | Noticed Natasha
  2023 | D:3      | Killed Natasha
  2023 | D:3      | Reached *** piety under Trog
  2171 | D:3      | Noticed Terence
  2183 | D:3      | Killed Terence
  2183 | D:3      | Reached skill level 5 in Fighting
  2183 | D:3      | Reached skill level 5 in Axes
  2183 | D:3      | Reached skill level 1 in Shields
  2767 | D:4      | Reached XP level 6. HP: 44/56 MP: 5/5
  2883 | D:4      | Found a glowing silver altar of Zin.
  2888 | D:4      | Found an ornate altar of the Wu Jian Council.
  3094 | D:4      | Found a staircase to the Ecumenical Temple.
  3316 | D:4      | Found an iron altar of Okawaru.
  3376 | D:5      | Entered Level 5 of the Dungeon
  3588 | D:5      | Reached skill level 5 in Armour
  3588 | D:5      | Reached XP level 7. HP: 62/62 MP: 6/6
  3664 | D:5      | Found a glowing golden altar of the Shining One.
  3702 | D:5      | Reached **** piety under Trog
  4219 | D:6      | Found a sand-covered staircase.
  4225 | Ossuary  | Entered an ossuary
  4299 | Ossuary  | Reached XP level 8. HP: 35/71 MP: 7/7
  5104 | D:6      | Reached skill level 5 in Dodging
  5108 | D:6      | Reached ***** piety under Trog
  5284 | D:6      | Found a stormy altar of Qazlal.
  5395 | D:6      | Reached XP level 9. HP: 81/81 MP: 8/8
  5603 | D:6      | You fall through a shaft!
  5914 | D:7      | Found a shadowy altar of Dithmenos.
  5940 | D:7      | Found a shattered altar of Ashenzari.
  6581 | D:8      | Received a gift from Trog
  6846 | D:8      | Reached skill level 1 in Slings
  7265 | D:8      | Noticed a two-headed ogre
  7278 | D:8      | Killed a two-headed ogre
  7278 | D:8      | Reached XP level 10. HP: 91/91 MP: 9/9
  7623 | D:9      | Found a white marble altar of Elyvilon.
  7772 | D:9      | Found a staircase to the Lair.
  7852 | D:9      | Reached skill level 10 in Fighting
  7852 | D:9      | Reached skill level 10 in Axes
  8117 | D:9      | Noticed Psyche
  8128 | D:9      | Killed Psyche
  8221 | D:10     | Entered Level 10 of the Dungeon
  8372 | D:10     | Reached skill level 10 in Armour
  8936 | D:11     | Noticed a red ugly thing
  8949 | D:11     | Killed a red ugly thing
  8949 | D:11     | Reached XP level 11. HP: 101/101 MP: 10/10
  8962 | D:11     | Found a sacrificial altar of Ru.
  8996 | D:11     | Noticed a cyan ugly thing
  8997 | D:11     | Noticed a white ugly thing
  9003 | D:11     | Killed a white ugly thing
  9009 | D:11     | Killed a white ugly thing
  9669 | D:11     | Got an encrusted chain mail
  9680 | D:11     | Identified the +1 chain mail "Nenoppap" {*Slow rN+ Str+4}
                  | (You found it on level 11 of the Dungeon)
  9891 | D:12     | Found a transporter.
  9891 | D:12     | Noticed a phantasmal warrior
  9891 | D:12     | Received a gift from Trog
  9897 | D:12     | Noticed a vampire knight
  9900 | D:12     | Noticed an obsidian statue
  9900 | D:12     | Noticed a purple ugly thing
  9902 | D:12     | Noticed a deep elf mage
  9957 | D:12     | Noticed Gastronok
  9966 | D:12     | Killed Gastronok
  9966 | D:12     | Reached skill level 5 in Shields
  9976 | D:12     | Got a wavering lapis lazuli ring
  9979 | D:12     | Identified the ring "Ikkaewon" {+Blink Int+3 SInv} (You
                  | found it on level 12 of the Dungeon)
 10242 | D:12     | Noticed an unseen horror
 10266 | D:12     | Noticed Josephine
 10276 | D:12     | Killed Josephine
 10382 | D:12     | Found a staircase to the Orcish Mines.
 10410 | D:12     | Noticed a two-headed ogre
 10420 | D:12     | Killed a two-headed ogre
 10581 | D:12     | Noticed a two-headed ogre
 10589 | D:12     | Killed a two-headed ogre
 10589 | D:12     | Reached skill level 5 in Slings
 10589 | D:12     | Reached XP level 12. HP: 94/112 MP: 11/11
 10894 | D:12     | Found a transporter.
 10935 | D:13     | Gained mutation: You expend magic power (3 MP) to
                  | strengthen your wands. [potion of mutation]
 10935 | D:13     | Gained mutation: You have sharp toenails. [potion of
                  | mutation]
 10935 | D:13     | Gained mutation: Your spells are a little harder to cast,
                  | but a little more powerful. [potion of mutation]
 10939 | D:13     | Lost mutation: Your spells are a little harder to cast, but
                  | a little more powerful. [potion of mutation]
 10939 | D:13     | Lost mutation: You expend magic power (3 MP) to strengthen
                  | your wands. [potion of mutation]
 10939 | D:13     | Lost mutation: You have sharp toenails. [potion of
                  | mutation]
 10939 | D:13     | Gained mutation: Your mind is acute. (Int +2) [potion of
                  | mutation]
 10939 | D:13     | Gained mutation: You are robust. (+10% HP) [potion of
                  | mutation]
 10939 | D:13     | Gained mutation: You have sharp toenails. [potion of
                  | mutation]
 11057 | D:13     | Noticed Frances
 11067 | D:13     | Killed Frances
 11201 | D:13     | Noticed a two-headed ogre
 11208 | D:13     | Received a gift from Trog
 11209 | D:13     | Killed a two-headed ogre
 11342 | D:13     | Noticed a two-headed ogre
 11350 | D:13     | Killed a two-headed ogre
 11352 | D:13     | Noticed a two-headed ogre
 11356 | D:13     | Noticed a two-headed ogre
 11363 | D:13     | Killed a two-headed ogre
 11364 | D:13     | Killed a two-headed ogre
 11370 | D:13     | Noticed a two-headed ogre
 11372 | D:13     | Noticed an ogre mage
 11380 | D:13     | Killed an ogre mage
 11382 | D:13     | Killed a two-headed ogre
 11382 | D:13     | Noticed a centaur warrior
 11389 | D:13     | Killed a centaur warrior
 11407 | D:13     | HP: 6/126 [deep elf archer/arrow (22)]
 11408 | D:13     | Reached XP level 13. HP: 35/134 MP: 10/12
 11419 | D:13     | Received a gift from Trog
 11807 | D:13     | Noticed Kirke
 11828 | D:13     | HP: 2/201 [wyvern skeleton (13)]
 11828 | D:13     | Slain by a hog

Vault maps used:
D:1:      dpeg_arrival_rhombus
D:2:      first_ration, uniq_jessica
D:3:      kiku_gazebo_pond_becter, old_standard_altar, minivault_19,
          minmay_misc_feat_ornament, uniq_natasha, uniq_terence
D:4:      lemuel_crystal_altar, overflow_temple_1_default, lemuel_crystal_altar,
          minmay_temple_entry_large_hall
D:5:      nicolae_tso_besieged_by_evil
D:6:      old_standard_altar, lightli_ossuary_entry_decrepit_ruins
D:7:      lemuel_doored_altar, basic_altar
D:9:      elyvilon_altar_5, grunt_lair_entry_orc_guard_hut, uniq_psyche
D:10:     hangedman_little_slice_of_home
D:11:     nicolae_ru_sacrificial_ziggurat
D:12:     gammafunk_sealed_arena, orc_0_dummy, uniq_josephine, uniq_gastronok
D:13:     hangedman_vaults_entry_quadrant_bands, uniq_frances, uniq_kirke,
          uniq_rupert
Ossuary:  ossuary_minmay_scorpions

Skill      XL: |  1  2  3  4  5  6  7  8  9 10 11 12 |
---------------+-------------------------------------+-----
Axes           | 4 5 6 7 9 10 11 13 | 13.1
Fighting       | 4 5 6 7 9 10 11 13 | 13.2
Armour         | 3 4 5 6 7 9 10 11 12 | 12.9
Dodging        | 3 5 7 8 9 |  9.0
Shields        | 1 2 4 6 8 |  8.9
Slings         | 1 3 5 6 |  6.5

Action                   |  1- 3 |  4- 6 |  7- 9 | 10-12 | 13-15 || total
-------------------------+-------+-------+-------+-------+-------++-------
Melee: Hand axe          |   106 |    99 |   212 |       |       ||   417
       Headbutt          |    15 |    18 |    88 |    96 |     5 ||   222
       War axe           |       |       |   120 |   368 |     8 ||   496
       Kick              |       |       |       |    45 |     4 ||    49
       Unarmed           |       |       |       |       |    17 ||    17
 Fire: Fustibalus        |       |       |     2 |     2 |       ||     4
Invok: Berserk           |       |       |     5 |     7 |     1 ||    13
       Trog's Hand       |       |       |     1 |     4 |       ||     5
       Brothers in Arms  |       |       |       |     2 |       ||     2
 Abil: Evoke Blink       |       |       |       |     2 |     1 ||     3
  Use: Scroll            |     6 |     7 |     9 |     9 |     1 ||    32
       Potion            |       |     1 |       |     3 |     1 ||     5
  Eat: Chunk             |     2 |     6 |     9 |    22 |     3 ||    42
       Ration            |       |       |     2 |       |       ||     2
Armor: Animal skin       |    18 |     1 |       |       |       ||    19
       Ring mail         |       |    23 |    49 |       |       ||    72
       Plate armour      |       |       |    75 |   107 |       ||   182
       Chain mail        |       |       |       |    57 |     2 ||    59
Dodge: Dodged            |    69 |    72 |   165 |   159 |    35 ||   500
Block: Buckler           |       |     5 |    78 |    53 |       ||   136
       Shield            |       |       |       |   170 |    15 ||   185

Table legend:
 A = Non-vault XP
 B = Vault XP
 C = Vault XP percentage of total XP
 D = Non-vault monster count
 E = Vault monster count
 F = Vault count percentage of total count
                 A         B        C        D         E       F
            +---------+---------+-------+---------+---------+-------
      Total |   23778 |   17363 |  42.2 |     276 |      82 |  22.9
            +---------+---------+-------+---------+---------+-------
        D:1 |      31 |       0 |   0.0 |      18 |       0 |   0.0
        D:2 |      66 |      37 |  35.9 |      29 |       1 |   3.3
        D:3 |     139 |      71 |  33.8 |      14 |       2 |  12.5
        D:4 |     177 |       0 |   0.0 |      16 |       0 |   0.0
        D:5 |     658 |      22 |   3.2 |      13 |      13 |  50.0
        D:6 |     815 |       0 |   0.0 |      22 |       0 |   0.0
        D:7 |    1109 |       0 |   0.0 |      22 |       0 |   0.0
        D:8 |    2293 |       0 |   0.0 |      28 |       0 |   0.0
        D:9 |    1235 |    1196 |  49.2 |      18 |       7 |  28.0
       D:10 |    1772 |     160 |   8.3 |      21 |       8 |  27.6
       D:11 |    4826 |       0 |   0.0 |      25 |       0 |   0.0
       D:12 |    4789 |    3345 |  41.1 |      32 |       5 |  13.5
       D:13 |    5868 |   11699 |  66.6 |      18 |      21 |  53.8
    Ossuary |       0 |     833 | 100.0 |       0 |      25 | 100.0
            +---------+---------+-------+---------+---------+-------
